 Dungeon Sprint DCSS version 0.21.1-1-g345015f (webtiles) character file.

19139 diana the Warrior (level 19, -19/119 HPs)
             Began as a Vine Stalker Fighter on July 30, 2018.
             Was the Champion of Lugonu.
             Demolished by a catoblepas (22 damage)
             ... while paralysed
             ... in the Dungeon (Sprint VI: "Thunderdome").
             The game lasted 00:59:32 (4047 turns).

diana the Warrior (Vine Stalker Fighter)            Turns: 4047, Time: 00:59:32

Health: -19/119    AC: 14    Str: 41    XL:     19   Next: 23%
Magic:  0/41       EV:  2    Int: 12    God:    Lugonu [******]
Gold:   1622       SH:  0    Dex: 30    Spells: 35/35 levels left

rFire    + + +     SeeInvis .   t - +9 demon blade (distort)
rCold    . . .     Gourm    .   b - +7 large shield "Xixzuugg" {Dex+7}
rNeg     . . .     Faith    .   n - +0 robe of Mirth {*Contam Str+8 Int+4 Dex+2}
rPois    +         Spirit   +   e - +0 helmet "Ubruugg" {rF+}
rElec    +         Reflect  .   v - +1 cloak of Going Fast {rPois Str+4}
rCorr    +         Harm     .   w - +1 pair of gloves "Qeunas Palo" {*Drain rElec rCorr}
MR       ++...     NoTele   +   a - +0 pair of boots of Anaesthesia {+Fly rF++ rC- MR- Slay+5}
Stlth    ++........             r - amulet of Ethics {+Rage rF+ MR- Slay+4}
HPRegen  1.09/turn              q - ring of Sudghohod {rF+ rC+ Str+4 Slay+3}
MPRegen  0.27/turn              s - ring of Kaebuz {rPois MR++ MP+9 Dex+5}

@: paralysed, berserk cooldown, slowed
A: fangs 3, talons 1, icy blue scales 1, regeneration 2, magic shield, antimagic
bite, no potion heal 3, rot immunity
}: 4/15 runes: serpentine, elven, silver, gossamer
a: Bend Space, Banish, Corrupt, Renounce Religion, Evoke Berserk Rage, Evoke
Flight


You were in the Dungeon.
You worshipped Lugonu.
Lugonu was exalted by your worship.
You were hungry.

You visited 1 branch You collected 10350 gold pieces.
You spent 8728 gold pieces at shops.

Inventory:

Hand Weapons
 t - a +9 demon blade of distortion (weapon)
 C - a +4 eudemon blade of holy wrath
Armour
 a - the +0 pair of boots of Anaesthesia (worn) {+Fly rF++ rC- MR- Slay+5}
   (You bought it in a shop in the Dungeon)

   It affects your accuracy and damage with ranged weapons and melee attacks
   (+5).
   It greatly protects you from fire.
   It makes you vulnerable to cold.
   It affects your resistance to hostile enchantments.
   It lets you fly.
 b - the +7 large shield "Xixzuugg" (worn) {Dex+7}
   (You bought it in a shop in the Dungeon)

   It affects your dexterity (+7).
 c - the +3 leather armour "Hafan" {Regen+ Dex+4}
   (You bought it in a shop in the Dungeon)

   It affects your dexterity (+4).
   It increases your rate of regeneration.
 e - the +0 helmet "Ubruugg" (worn) {rF+}
   (You bought it in a shop in the Dungeon)

   It protects you from fire.
 m - the +1 shield "Wugygis" {rF++ rC+ MP-9 SInv}
   (You bought it in a shop in the Dungeon)

   It greatly protects you from fire.
   It protects you from cold.
   It affects your magic capacity (-9).
   It lets you see invisible.
 n - the +0 robe of Mirth (worn) {*Contam Str+8 Int+4 Dex+2}
   (You bought it in a shop in the Dungeon)

   It affects your strength (+8).
   It affects your intelligence (+4).
   It affects your dexterity (+2).
   It causes magical contamination when unequipped.
 v - the +1 cloak of Going Fast (worn) {rPois Str+4}
   (You bought it in a shop in the Dungeon)

   It affects your strength (+4).
   It protects you from poison.
 w - the +1 pair of gloves "Qeunas Palo" (worn) {*Drain rElec rCorr}
   (You bought it in a shop in the Dungeon)

   It insulates you from electricity.
   It protects you from acid and corrosion.
   It causes draining when unequipped.
 D - +0 pearl dragon scales
Jewellery
 q - the ring of Sudghohod (left hand) {rF+ rC+ Str+4 Slay+3}
   (You bought it in a shop in the Dungeon)

   [ring of protection from fire]

   It affects your strength (+4).
   It affects your accuracy and damage with ranged weapons and melee attacks
   (+3).
   It protects you from fire.
   It protects you from cold.
 r - the amulet of Ethics (around neck) {+Rage rF+ MR- Slay+4}
   (You bought it in a shop in the Dungeon)

   [amulet of rage]

   It affects your accuracy and damage with ranged weapons and melee attacks
   (+4).
   It protects you from fire.
   It affects your resistance to hostile enchantments.
   It lets you go berserk.
 s - the ring of Kaebuz (right hand) {rPois MR++ MP+9 Dex+5}
   (You bought it in a shop in the Dungeon)

   [ring of magical power]

   It affects your dexterity (+5).
   It protects you from poison.
   It affects your resistance to hostile enchantments.
   It affects your magic capacity (+9).
Wands
 p - a wand of enslavement (12)
Scrolls
 g - 8 scrolls of enchant weapon
 k - a scroll of blinking
 o - 3 scrolls of fog
 u - a scroll of identify
 y - 12 scrolls of remove curse
Potions
 d - a potion of might
 h - a potion of haste
 i - 2 potions of magic
 j - a potion of berserk rage
 l - a potion of resistance
 z - 3 potions of mutation
Miscellaneous
 x - a lightning rod (4/4)
Comestibles
 f - a ration


   Skills:
 * Level 20.6 Fighting
 - Level 18.3 Long Blades
 * Level 17.3 Armour
 * Level 17.3 Dodging
 * Level 18.6 Shields
 + Level 8.7 Spellcasting
 - Level 10.9 Invocations
 - Level 8.0 Evocations


You had 35 spell levels left.
You didn't know any spells.

Dungeon Overview and Level Annotations

Branches:
Dungeon (1/1)

Altars:
Cheibriados
Dithmenos
Fedhas
Gozag
Kikubaaqudgha
Makhleb
Okawaru
Qazlal
Ru
Sif Muna
Trog
Uskayaw
Vehumet
Wu Jian
Xom
Yredelemnul
Zin
The Shining One
Beogh
Jiyva
Lugonu

Shops:
D [%??*?*:[((!!!!


Innate Abilities, Weirdness & Mutations

You have razor-sharp teeth.
You heal very quickly.
When hurt, damage is shared between your health and your magic reserves.
Your bite disrupts and absorbs the magic of your enemies.
Potions cannot restore your health.
You are immune to rotting.
You have sharp toenails.
You are partially covered in icy blue scales. (AC +2)


Message History

You feel yourself slow down. The catoblepas gores you!!
* * * LOW HITPOINT WARNING * * *
The catoblepas breathes a plume of calcifying dust at you.
The blast of calcifying dust hits the catoblepas.
The blast of calcifying dust hits you!
* * * LOW HITPOINT WARNING * * *
The blast of calcifying dust hits the catoblepas.
The catoblepas gores you but does no damage.
The catoblepas gores you!
* * * LOW HITPOINT WARNING * * *
The catoblepas gores you but does no damage.
You are engulfed in calcifying dust.
The catoblepas disappears!
The catoblepas reappears nearby!
The catoblepas gores you!
* * * LOW HITPOINT WARNING * * *
The catoblepas gores you!
* * * LOW HITPOINT WARNING * * *
You are engulfed in calcifying dust.
The catoblepas gores you!
* * * LOW HITPOINT WARNING * * *
The catoblepas gores you!!
You die...

###∩.()(((((8.# #)8..(.....∩
##....(((.(((((###[[[..).....
#⌠.(.)...)(.###..(###[)......
#⌠((.(((.))[# #.<.##.).[....)
#⌠.)()..(((.###[(.((.)[.).(.(
##..)...).((([(###([.[.......
###∩[(..(..§8§# #)8(.[.[...∩
##∩___(††Y.§###(((..(___∩#
######.8@§)()((.(8.######
#⌠YYY..((....⌠#
###.)§(..[..### #_|.§...._#
#_..[§..._# #§....§...#
#∩.....§.∩# ##∩.(.[.∩##
##.....##


You could see 4 catoblepae.

Vanquished Creatures
  Arachne (D)
  4 pearl dragons (D)
  3 nagarajas (D)
  4 daevas (D)
  3 angels (D)
  3 ophanim (D)
  2 apis (D)
  14 stone giants (D)
  A dire elephant (D)
  2 naga warriors (D)
  2 vault guards (D)
  4 yaktaur captains (D)
  A spriggan air mage (D)
  6 centaur warriors (D)
  2 anacondas (D)
  6 catoblepae (D)
  16 dancing weapons (D)
  3 orc high priests (D)
  Nergalle (D)
  13 deep trolls (D)
  2 cherubim (D)
  An orc knight (D)
  3 phantasmal warriors (D)
  A faun (D)
  An oklob plant (D)
  11 orb spiders (D)
  An orc sorcerer (D)
  A mana viper (D)
  A shining eye (D)
  A moth of wrath (D)
  3 black mambas (D)
  8 yaktaurs (D)
  A jumping spider (D)
  9 trolls (D)
  2 wind drakes (D)
  3 redbacks (D)
  Sigmund (D)
  5 wraiths (D)
  A yak (D)
  3 floating eyes (D)
  2 orc warriors (D)
  8 centaurs (D)
  4 scorpions (D)
  4 orc priests (D)
  2 jellies (D)
  2 orc wizards (D)
  6 oozes (D)
  A goblin (D)
  A quokka (D)
  A rat (D)
  A butterfly (D)
182 creatures vanquished.

Vanquished Creatures (others)
  A deep elf elementalist (D)
  An ophan (D)
  A centaur warrior (D)
  A wolf (D)
  10 ball lightnings (D)
14 creatures vanquished.

Grand Total: 196 creatures vanquished

Notes
Turn   | Place    | Note
-------+----------+-------------------------------------------
     0 | D        | diana the Vine Stalker Fighter began the quest for the Orb.
     0 | D        | Reached XP level 1. HP: 11/11 MP: 2/2
     1 | D        | Found an ancient bone altar of Kikubaaqudgha.
     1 | D        | Found a blossoming altar of Fedhas.
     2 | D        | Found an opulent altar of Gozag.
     2 | D        | Found a shimmering altar of Xom.
     3 | D        | Found a hide-covered altar of Uskayaw.
     3 | D        | Found an iron altar of Okawaru.
     4 | D        | Found Qonixip's Identification Station.
     4 | D        | Found a corrupted altar of Lugonu.
     4 | D        | Found a snail-covered altar of Cheibriados.
     4 | D        | Found Gyadi's Delicious Food.
     5 | D        | Found Jeijie's Advanced Armour.
     5 | D        | Found Xuuh's Jewellery.
     5 | D        | Round 1.
    24 | D        | Bought a scintillating bone ring for 45 gold pieces
    24 | D        | Bought a shimmering bone ring for 45 gold pieces
    24 | D        | Bought a brightly glowing emerald amulet for 45 gold pieces
    24 | D        | Identified the ring of the Lizard {rCorr +Fly} (You bought it in a shop in the Dungeon)
    25 | D        | Identified the ring of Denithon {Dex+2 SInv} (You bought it in a shop in the Dungeon)
    26 | D        | Identified the amulet of Ethics {+Rage rF+ MR- Slay+4} (You bought it in a shop in the Dungeon)
    27 | D        | Bought a translucent brass ring for 45 gold pieces
    28 | D        | Identified the ring of Kaebuz {rPois MR++ MP+9 Dex+5} (You bought it in a shop in the Dungeon)
    43 | D        | Reached skill level 3 in Fighting
    52 | D        | Became a worshipper of Lugonu the Unformed
    52 | D        | Reached * piety under Lugonu
   101 | D        | Noticed Sigmund
   102 | D        | Noticed a scorpion
   103 | D        | Killed Sigmund
   103 | D        | Reached skill level 6 in Fighting
   103 | D        | Reached XP level 2. HP: 19/19 MP: 3/3
   103 | D        | Reached XP level 3. HP: 23/23 MP: 4/4
   103 | D        | Gained mutation: Your natural rate of healing is unusually fast. [Vine Stalker growth]
   103 | D        | Reached XP level 4. HP: 28/28 MP: 5/5
   103 | D        | Reached XP level 5. HP: 32/32 MP: 6/6
   105 | D        | Reached ** piety under Lugonu
   105 | D        | Arena points: 12 (+12) [x2]
   117 | D        | Found a radiant altar of Vehumet.
   119 | D        | Found Vyckynk Kaor's Premium Goods.
   120 | D        | Found a basalt altar of Yredelemnul.
   120 | D        | Found an ornate altar of the Wu Jian Council.
   120 | D        | Found Qintyxzaa's Weapon Rack.
   120 | D        | Found Xifoag's Miscellaneous Merchandise.
   120 | D        | Found Zexij's Basic Armour.
   124 | D        | Found a viscous altar of Jiyva.
   144 | D        | Found a glowing silver altar of Zin.
   146 | D        | Found a shadowy altar of Dithmenos.
   146 | D        | Found Qufat's Do-It-Yourself Clinic.
   146 | D        | Found Hibised's Bottled Wisdom.
   147 | D        | Found Aguugg's Distillery.
   148 | D        | Found a glowing golden altar of the Shining One.
   148 | D        | Found a bloodstained altar of Trog.
   148 | D        | Found Xoj Kiwa's Distillery.
   158 | D        | Round 2.
   165 | D        | Found a burning altar of Makhleb.
   165 | D        | Found a stormy altar of Qazlal.
   165 | D        | Found Fuxonn's Staff Store.
   165 | D        | Found Opeonugu's Must-Have Magic.
   166 | D        | Found Itattuk's Magic Scroll Shop.
   167 | D        | Found a sacrificial altar of Ru.
   167 | D        | Found a roughly hewn altar of Beogh.
   167 | D        | Found a deep blue altar of Sif Muna.
   167 | D        | Found Kuykewky's Magic Scroll Shop.
   262 | D        | Reached XP level 6. HP: 35/37 MP: 7/7
   263 | D        | Reached *** piety under Lugonu
   266 | D        | Arena points: 54 (+42) [x3]
   323 | D        | Round 3.
   324 | D        | Noticed a floating eye
   326 | D        | Killed a floating eye
   326 | D        | Reached skill level 7 in Fighting
   326 | D        | Reached skill level 10 in Long Blades
   336 | D        | Reached **** piety under Lugonu
   351 | D        | Noticed a shining eye
   352 | D        | Gained mutation: You tend to lose your temper in combat. [a shining eye]
   354 | D        | Noticed a floating eye
   355 | D        | Gained mutation: You are frail. (-10% HP) [a shining eye]
   356 | D        | Paralysed by a floating eye for 4 turns
   358 | D        | Gained mutation: Scrolls take you a little longer to read. [a shining eye]
   360 | D        | Killed a shining eye
   360 | D        | Reached skill level 9 in Fighting
   360 | D        | Reached XP level 7. HP: 39/39 MP: 8/8
   409 | D        | Paralysed by a floating eye for 3 turns
   414 | D        | Gained mutation: You have razor-sharp teeth. [Vine Stalker growth]
   414 | D        | Reached XP level 8. HP: 43/44 MP: 9/9
   415 | D        | Reached ***** piety under Lugonu
   415 | D        | Arena points: 138 (+84) [x4]
   445 | D        | Bought a potion of mutation for 56 gold pieces
   445 | D        | Lost mutation: You tend to lose your temper in combat. [potion of mutation]
   445 | D        | Lost mutation: You are frail. (-10% HP) [potion of mutation]
   445 | D        | Lost mutation: Scrolls take you a little longer to read. [potion of mutation]
   445 | D        | Gained mutation: You are resistant to hostile enchantments. (MR+) [potion of mutation]
   445 | D        | Gained mutation: Your flesh is cold resistant. (rC+) [potion of mutation]
   445 | D        | Gained mutation: You are partially covered in large bone plates. (SH +4) [potion of mutation]
   474 | D        | Round 4.
   480 | D        | Noticed a jumping spider
   532 | D        | Killed a jumping spider
   532 | D        | Reached skill level 10 in Fighting
   547 | D        | Noticed a redback
   549 | D        | Noticed a redback
   551 | D        | Killed a redback
   555 | D        | Killed a redback
   555 | D        | Arena points: 278 (+140) [x5]
   555 | D        | Reached XP level 9. HP: 49/55 MP: 10/10
   585 | D        | Bought a distressingly furry helmet for 332 gold pieces
   590 | D        | Identified the cursed +0 helmet "Ubruugg" {rF+} (You bought it in a shop in the Dungeon)
   597 | D        | Round 5.
   603 | D        | Noticed a naga warlord
   617 | D        | Killed a naga warlord
   617 | D        | Arena points: 523 (+245) [x7]
   617 | D        | Reached skill level 11 in Fighting
   617 | D        | Reached skill level 15 in Long Blades
   620 | D        | Got a serpentine rune of Zot
   623 | D        | Reached XP level 10. HP: 46/61 MP: 11/11
   805 | D        | Round 6.
   808 | D        | Noticed a deep troll
   835 | D        | Noticed an iron troll
   848 | D        | Killed a deep troll
   874 | D        | Noticed a deep troll
   885 | D        | Noticed a deep troll
   888 | D        | Noticed a deep troll
   905 | D        | Killed a deep troll
   905 | D        | Reached ****** piety under Lugonu
   905 | D        | Reached skill level 5 in Shields
   911 | D        | Killed a deep troll
   911 | D        | Reached skill level 12 in Fighting
   911 | D        | Reached skill level 5 in Armour
   911 | D        | Reached skill level 5 in Dodging
   911 | D        | Reached XP level 11. HP: 35/66 MP: 12/12
   928 | D        | Noticed a deep troll
   991 | D        | Arena points: 553 (+30) [x1]
  1006 | D        | Round 7.
  1007 | D        | Noticed a deep troll
  1019 | D        | Killed a deep troll
  1043 | D        | Noticed a deep troll
  1063 | D        | Noticed a deep troll
  1089 | D        | Killed a deep troll
  1095 | D        | Killed a deep troll
  1109 | D        | Noticed a deep troll
  1123 | D        | Noticed a deep troll
  1128 | D        | Noticed a deep troll
  1148 | D        | Killed a deep troll
  1155 | D        | Killed a deep troll
  1158 | D        | Killed a deep troll
  1158 | D        | Arena points: 679 (+126) [x2]
  1196 | D        | Bought a +0 demon blade for 450 gold pieces
  1209 | D        | Round 8.
  1253 | D        | Noticed a phantasmal warrior
  1257 | D        | Killed a phantasmal warrior
  1257 | D        | Reached skill level 1 in Invocations
  1258 | D        | Noticed Nergalle
  1264 | D        | Killed Nergalle
  1264 | D        | Reached skill level 13 in Fighting
  1278 | D        | Noticed a phantasmal warrior
  1284 | D        | Noticed a phantasmal warrior
  1290 | D        | Killed a phantasmal warrior
  1294 | D        | Killed a phantasmal warrior
  1301 | D        | Arena points: 919 (+240) [x3]
  1346 | D        | Round 9.
  1371 | D        | Noticed a deep troll
  1382 | D        | Killed a deep troll
  1382 | D        | Gained mutation: You heal very quickly. [Vine Stalker growth]
  1382 | D        | Reached XP level 12. HP: 48/73 MP: 16/16
  1475 | D        | Reached skill level 5 in Invocations
  1524 | D        | Arena points: 1315 (+396) [x4]
  1537 | D        | Bought a pair of crude boots for 332 gold pieces
  1542 | D        | Round 10.
  1545 | D        | Noticed Arachne
  1560 | D        | Killed Arachne
  1560 | D        | Arena points: 1915 (+600) [x6]
  1560 | D        | Reached skill level 14 in Fighting
  1560 | D        | Reached skill level 10 in Shields
  1563 | D        | Got a gossamer rune of Zot
  1582 | D        | Identified the +1 pair of boots of Unambiguity {rC++ MR++} (You bought it in a shop in the Dungeon)
  1598 | D        | Bought a translucent cloak for 332 gold pieces
  1598 | D        | Bought a pair of fine gloves for 332 gold pieces
  1603 | D        | Identified the +1 cloak of Going Fast {rPois Str+4} (You bought it in a shop in the Dungeon)
  1608 | D        | Identified the +1 pair of gloves "Qeunas Palo" {*Drain rElec rCorr} (You bought it in a shop in the Dungeon)
  1749 | D        | Round 11.
  1752 | D        | Noticed a nagaraja
  1762 | D        | Noticed a naga warrior
  1765 | D        | Noticed a nagaraja
  1766 | D        | Noticed a nagaraja
  1785 | D        | Killed a naga warrior
  1789 | D        | Killed a nagaraja
  1796 | D        | Killed a nagaraja
  1796 | D        | Reached skill level 10 in Armour
  1796 | D        | Reached skill level 10 in Dodging
  1796 | D        | Reached XP level 13. HP: 68/79 MP: 20/20
  1808 | D        | Killed a nagaraja
  1813 | D        | Arena points: 2608 (+693) [x7]
  1823 | D        | Round 12.
  1847 | D        | Bought 8 scrolls of enchant weapon for 600 gold pieces
  1855 | D        | Identified a +9 demon blade of distortion (a +8 demon blade corrupted by Lugonu)
  1855 | D        | Received a gift from Lugonu
  1878 | D        | Reached skill level 15 in Fighting
  1919 | D        | Reached skill level 10 in Invocations
  1976 | D        | Arena points: 3760 (+1152) [x8]
  1999 | D        | Bought a distressingly furry shield for 332 gold pieces
  2009 | D        | Identified the +1 shield "Wugygis" {rF++ rC+ MP-9 SInv} (You bought it in a shop in the Dungeon)
  2016 | D        | Round 13.
  2022 | D        | Bought a sparkling iron ring for 45 gold pieces
  2022 | D        | Bought a wavering tin amulet for 45 gold pieces
  2022 | D        | Bought a twitching steel amulet for 45 gold pieces
  2022 | D        | Bought a faintly glowing ruby amulet for 45 gold pieces
  2022 | D        | Bought a warped ruby amulet for 45 gold pieces
  2022 | D        | Bought a faintly glowing diamond amulet for 45 gold pieces
  2030 | D        | Identified the ring "Ylub" {rC+ Str+2 Dex+3 SInv Stlth+} (You bought it in a shop in the Dungeon)
  2036 | D        | Identified the amulet of Summer {Harm *Drain Str+3} (You bought it in a shop in the Dungeon)
  2040 | D        | Identified the amulet of Erchoskino {*Slow +Rage rF+ rN++} (You bought it in a shop in the Dungeon)
  2042 | D        | Identified the amulet of Ubijewi {Spirit rF+ MR+ Int-5 Dex+9} (You bought it in a shop in the Dungeon)
  2044 | D        | Identified the amulet of the Okapi {Faith rElec rC- SInv} (You bought it in a shop in the Dungeon)
  2046 | D        | Identified the amulet "Obeiba" {Gourm rElec rPois rF- Dex-3} (You bought it in a shop in the Dungeon)
  2156 | D        | Arena points: 5398 (+1638) [x9]
  2172 | D        | Bought a quad damage for 400 gold pieces
  2191 | D        | Bought a potion of experience for 300 gold pieces
  2192 | D        | Reached XP level 14. HP: 86/86 MP: 23/23
  2201 | D        | Round 14.
  2204 | D        | Reached XP level 15. HP: 91/91 MP: 24/24
  2350 | D        | Arena points: 6938 (+1540) [x10]
  2381 | D        | Bought a scintillating tin ring for 45 gold pieces
  2381 | D        | Bought a faintly glowing ivory ring for 45 gold pieces
  2381 | D        | Bought a vibrating granite ring for 45 gold pieces
  2381 | D        | Bought a pitted garnet amulet for 45 gold pieces
  2381 | D        | Bought an ancient silver ring for 45 gold pieces
  2381 | D        | Bought a coiled bone ring for 45 gold pieces
  2381 | D        | Bought a transparent pewter amulet for 45 gold pieces
  2388 | D        | Bought 3 scrolls of identify for 150 gold pieces
  2388 | D        | Bought 3 scrolls of identify for 150 gold pieces
  2388 | D        | Identified the ring of Compassion {Ice +Inv rN+++ Str+2 Int-3} (You bought it in a shop in the Dungeon)
  2389 | D        | Identified the ring of Sudghohod {rF+ rC+ Str+4 Slay+3} (You bought it in a shop in the Dungeon)
  2390 | D        | Identified the ring "Fanaoth" {Fire Str+5 SInv} (You bought it in a shop in the Dungeon)
  2391 | D        | Identified the amulet "Goemosin" {Inacc Fragile rPois Str+3 Int+6} (You bought it in a shop in the Dungeon)
  2395 | D        | Identified the amulet "Huyciq" {rPois Regen+} (You bought it in a shop in the Dungeon)
  2395 | D        | Round 15.
  2399 | D        | Identified the ring of Jaabop {Str+5 Int+4 Stlth+} (You bought it in a shop in the Dungeon)
  2415 | D        | Noticed a deep elf elementalist
  2446 | D        | Banished a deep elf elementalist
  2446 | D        | Arena points: 8918 (+1980) [x12]
  2446 | D        | Reached skill level 16 in Fighting
  2449 | D        | Got an elven rune of Zot
  2474 | D        | Reached skill level 1 in Spellcasting
  2474 | D        | Reached XP level 16. HP: 96/96 MP: 25/25
  2492 | D        | Bought a pair of bloodstained boots for 332 gold pieces
  2492 | D        | Bought a pair of blackened gloves for 332 gold pieces
  2493 | D        | Bought 3 scrolls of identify for 150 gold pieces
  2493 | D        | Identified the ring of Ekkoe {*Contam +Fly rElec rC++ Str+2} (You bought it in a shop in the Dungeon)
  2498 | D        | Identified the cursed +0 pair of boots of Anaesthesia {+Fly rF++ rC- MR- Slay+5} (You bought it in a shop in the Dungeon)
  2499 | D        | Identified the +1 pair of gloves "Boell" {rPois} (You bought it in a shop in the Dungeon)
  2608 | D        | Bought 2 rations for 40 gold pieces
  2635 | D        | Round 16.
  2824 | D        | Arena points: 9110 (+192) [x1]
  2839 | D        | Round 17.
  2971 | D        | Reached XP level 17. HP: 93/102 MP: 26/26
  2994 | D        | Arena points: 9654 (+544) [x2]
  3010 | D        | Bought an ichor-stained cloak for 332 gold pieces
  3019 | D        | Round 18.
  3020 | D        | Identified the +0 cloak of Fiax {rN+ MP+9 Str-4} (You bought it in a shop in the Dungeon)
  3029 | D        | Reached skill level 17 in Fighting
  3029 | D        | Reached skill level 5 in Evocations
  3110 | D        | HP: 1/154 [stone giant (15)]
  3132 | D        | Reached skill level 15 in Shields
  3140 | D        | HP: 1/104 [stone giant/large rock (29)]
  3153 | D        | Arena points: 10572 (+918) [x3]
  3153 | D        | Reached skill level 18 in Fighting
  3167 | D        | Bought a slimy large shield for 332 gold pieces
  3167 | D        | Bought a polished leather armour for 245 gold pieces
  3177 | D        | Identified the +3 leather armour "Hafan" {Regen+ Dex+4} (You bought it in a shop in the Dungeon)
  3177 | D        | Round 19.
  3201 | D        | Identified the +7 large shield "Xixzuugg" {Dex+7} (You bought it in a shop in the Dungeon)
  3347 | D        | Arena points: 11560 (+988) [x4]
  3364 | D        | Round 20.
  3365 | D        | Bought a faintly humming animal skin for 185 gold pieces
  3365 | D        | Bought an ancient hat for 315 gold pieces
  3371 | D        | Noticed Mara
  3378 | D        | Noticed diana's illusion
  3405 | D        | Noticed diana's illusion
  3405 | D        | Arena points: 13120 (+1560) [x6]
  3408 | D        | Got a silver rune of Zot
  3412 | D        | Reached XP level 18. HP: 110/110 MP: 27/27
  3424 | D        | Bought 8 scrolls of enchant weapon for 600 gold pieces
  3424 | D        | Bought 15 scrolls of remove curse for 450 gold pieces
  3435 | D        | Identified the +0 hat of the Evil One {-Cast rElec rF+++ Str-3} (You bought it in a shop in the Dungeon)
  3456 | D        | Identified the cursed +1 animal skin "Qeepsaar" {Dex+4} (You bought it in a shop in the Dungeon)
  3513 | D        | Bought a tattered robe for 199 gold pieces
  3524 | D        | Identified the cursed +0 robe of Mirth {*Contam Str+8 Int+4 Dex+2} (You bought it in a shop in the Dungeon)
  3566 | D        | Gained mutation: Armour fits poorly on your strangely shaped body. [mutagenic glow]
  3586 | D        | Round 21.
  3628 | D        | Reached skill level 15 in Armour
  3631 | D        | Reached skill level 15 in Dodging
  3705 | D        | Reached skill level 19 in Fighting
  3714 | D        | Arena points: 15619 (+2499) [x7]
  3736 | D        | Bought 3 scrolls of identify for 150 gold pieces
  3737 | D        | Bought a shimmering robe for 199 gold pieces
  3737 | D        | Identified the cursed +0 robe of the Centipede {rElec MP+9} (You bought it in a shop in the Dungeon)
  3762 | D        | Bought 3 potions of mutation for 168 gold pieces
  3762 | D        | Bought 2 potions of mutation for 112 gold pieces
  3762 | D        | Bought a potion of mutation for 56 gold pieces
  3762 | D        | Lost mutation: Armour fits poorly on your strangely shaped body. [potion of mutation]
  3762 | D        | Lost mutation: Your flesh is cold resistant. (rC+) [potion of mutation]
  3762 | D        | Gained mutation: You are weak. (Str -2) [potion of mutation]
  3762 | D        | Gained mutation: You are somewhat resistant to further mutation. [potion of mutation]
  3763 | D        | Lost mutation: You are resistant to hostile enchantments. (MR+) [potion of mutation]
  3763 | D        | Lost mutation: You are partially covered in large bone plates. (SH +4) [potion of mutation]
  3764 | D        | Lost mutation: You are somewhat resistant to further mutation. [potion of mutation]
  3764 | D        | Lost mutation: You are weak. (Str -2) [potion of mutation]
  3764 | D        | Gained mutation: You are partially covered in icy blue scales. (AC +2) [potion of mutation]
  3764 | D        | Gained mutation: You have sharp toenails. [potion of mutation]
  3777 | D        | Round 22.
  3786 | D        | Noticed a pearl dragon
  3795 | D        | Killed a pearl dragon
  3795 | D        | Reached skill level 5 in Spellcasting
  3843 | D        | Noticed a pearl dragon
  3851 | D        | Noticed a pearl dragon
  3861 | D        | Noticed a pearl dragon
  3888 | D        | Killed a pearl dragon
  3888 | D        | Reached skill level 20 in Fighting
  3888 | D        | Reached XP level 19. HP: 47/118 MP: 30/30
  3891 | D        | Killed a pearl dragon
  3898 | D        | Killed a pearl dragon
  3919 | D        | Arena points: 19139 (+3520) [x8]
  3967 | D        | Round 23.
  4046 | D        | HP: 5/119 [catoblepas (7)]
  4047 | D        | Demolished by a catoblepas

Skill      XL: |  1  2  3  4  5  6  7  8  9 10 11 12 13 14 15 16 17 18 19 |
---------------+----------------------------------------------------------+-----
Long Blades    | 8 9 12 14 15 16 18 | 18.3
Fighting       | 6 9 10 11 12 13 14 15 16 18 20 | 20.6
Armour         | 3 5 7 10 11 12 13 14 16 17 | 17.3
Dodging        | 3 5 7 10 11 12 13 14 16 17 | 17.3
Shields        | 4 5 8 10 12 13 14 15 17 18 | 18.6
Invocations    | 4 8 10 | 10.9
Evocations     | 2 4 7 8 |  8.0
Spellcasting   | 1 7 8 |  8.7

Action                   |  1- 3 |  4- 6 |  7- 9 | 10-12 | 13-15 | 16-18 | 19-21 || total
-------------------------+-------+-------+-------+-------+-------+-------+-------++-------
Melee: Long sword        |     9 |    13 |    38 |    57 |       |       |       ||   117
       Bite              |     4 |     7 |    22 |   107 |    47 |   130 |    17 ||   334
       Demon blade       |       |       |       |   121 |    82 |   216 |    30 ||   449
Invok: Brand Weapon With |       |       |       |       |     1 |       |       ||     1
 Abil: Evoke Berserk Rag |       |       |     2 |     7 |     1 |     3 |     1 ||    14
       Evoke Flight      |       |       |       |       |       |     1 |       ||     1
Evoke: Wand              |     1 |     8 |     1 |       |       |     1 |       ||    11
       Quad damage       |       |       |       |       |     1 |       |       ||     1
  Use: Potion            |       |       |     3 |     3 |     3 |     4 |       ||    13
       Scroll            |       |       |       |     3 |    14 |     7 |     1 ||    25
 Stab: Distracted        |       |       |       |       |       |     1 |       ||     1
  Eat: Chunk             |       |       |       |    10 |     2 |     2 |     1 ||    15
       Ration            |       |       |       |       |       |     2 |       ||     2
Armor: Scale mail        |     3 |     3 |     9 |     9 |       |       |       ||    24
       Troll leather arm |       |       |       |     7 |     2 |     9 |       ||    18
       Leather armour    |       |       |       |       |       |     1 |       ||     1
       Robe              |       |       |       |       |       |     5 |    26 ||    31
Dodge: Dodged            |     2 |     1 |     4 |    70 |    14 |    76 |    15 ||   182
Block: Shield            |     4 |     5 |    23 |   155 |    31 |   107 |       ||   325
       Large shield      |       |       |       |       |       |   118 |    42 ||   160
       Other             |       |       |       |       |       |     1 |       ||     1
       Rpst.: Long sword |       |       |     2 |     2 |       |       |       ||     4
       Demon blade       |       |       |       |    12 |     7 |    12 |     3 ||    34
